 Dungeon Crawl Stone Soup version 0.24.0-13-gcf9b319 (webtiles) character file.

Game seed: 13697074236506864348, levelgen mode: deterministic

575 DrKleor the Chopper (level 7, -4/56 HPs)
             Began as a Formicid Fighter on Nov 29, 2019.
             Slain by an ogre
             ... wielding a +0 giant club
              (9 damage)
             ... on level 4 of the Dungeon.
             The game lasted 00:06:08 (2764 turns).

DrKleor the Chopper (Formicid Fighter)              Turns: 2764, Time: 00:06:08

Health: -4/56      AC:  6    Str: 23    XL:     7   Next: 61%
Magic:  7/7        EV:  8    Int:  7    God:
Gold:   190        SH:  9    Dex: 10    Spells: 6/6 levels left

rFire    . . .     SeeInvis +   a - +0 war axe
rCold    . . .     Gourm    .   c - +0 shield
rNeg     . . .     Faith    .   b - +0 scale mail
rPois    .         Spirit   .   (helmet unavailable)
rElec    .         Reflect  .   (no cloak)
rCorr    .         Harm     .   (no gloves)
MR       .....                  (no boots)
Stlth    ..........             (no amulet)
HPRegen  0.18/turn              (no ring)
MPRegen  0.10/turn              (no ring)

@: no status effects
A: permanent stasis, dig shafts and tunnels, four strong arms, antennae 3
a: Dig, Shaft Self


You were on level 4 of the Dungeon.
You were not hungry.

You visited 1 branch of the dungeon, and saw 4 of its levels.

You collected 190 gold pieces.

Inventory:

Hand Weapons
 a - a +0 war axe (weapon)
Armour
 b - a +0 scale mail (worn)
 c - a +0 shield (worn)
Scrolls
 e - 2 scrolls of identify {unknown}
 g - 2 scrolls of enchant weapon {unknown}
 i - 2 scrolls of magic mapping {unknown}
 j - 2 scrolls of remove curse {unknown}
 l - a scroll of teleportation {unknown}
Potions
 d - a potion of degeneration {unknown}
 h - 4 potions of lignification {unknown}
 k - a potion of flight {unknown}
 m - 2 potions of curing {unknown}
Comestibles
 f - 12 rations
 n - a chunk of flesh


   Skills:
 - Level 5.0 Fighting
 + Level 7.1 Axes
 - Level 3.2 Armour
 - Level 3.6 Shields


You had 6 spell levels left.
You didn't know any spells.
Your spell library was empty.

Dungeon Overview and Level Annotations

Branches:
Dungeon (4/15)
 Temple: D:4-7

Altars:
Makhleb

Shops:
D:4 (


Innate Abilities, Weirdness & Mutations

You cannot be hasted, slowed, berserked, paralysed or teleported.
You can dig through walls and to a lower floor.
Your four strong arms can wield two-handed weapons with a shield.
You have a pair of large antennae on your head. (SInv)


Message History

The ogre hits you but does no damage.
You hit the ogre.
The ogre is heavily wounded.
You block the ogre's attack.
You hit the ogre but do no damage.
The ogre is heavily wounded.
The ogre closely misses you.
You hit the ogre.
The ogre is heavily wounded.
The ogre hits you with a +0 giant club!
You hit the ogre.
The ogre is heavily wounded.
The ogre hits you with a +0 giant club!
* * * LOW HITPOINT WARNING * * *
You hit the ogre.
The ogre is severely wounded.
You hit the ogre.
The ogre is almost dead.
The ogre hits you with a +0 giant club!
You die...

#.# #.# .... #.# .
#...# #.# ..#.... #..
....... #.# .......
#.##### .#
......>##.@O.?#
...####........####.#
#....#######.##
####..รท....#.#
##....#####...#
...#### #.#.# .###
...#... ## #.###.###
# +. ...


You could see an ogre.

Vanquished Creatures
  Sigmund (D:3)
  A phantom (D:3)
  A howler monkey (D:4)
  A hound (D:4)
  3 iron imps (D:3)
  An orc wizard (D:3)
  A worker ant (D:3)
  4 adders
  An ooze (D:1)
  A worm (D:2)
  3 dart slugs
  3 leopard geckos
  5 orcs (D:3)
  6 bats
  3 giant cockroaches
  10 hobgoblins
  8 jackals
  9 kobolds
  A ball python (D:3)
  4 frilled lizards
  5 goblins
  6 rats
78 creatures vanquished.

Notes
Turn   | Place    | Note
-------+----------+-------------------------------------------
     0 | D:1      | DrKleor the Formicid Fighter began the quest for the Orb.
     0 | D:1      | Reached XP level 1. HP: 18/18 MP: 1/1
    75 | D:1      | Reached XP level 2. HP: 22/24 MP: 2/2
   143 | D:1      | Reached XP level 3. HP: 21/30 MP: 3/3
   352 | D:1      | You fall into a shaft and drop 1 floor!
   605 | D:1      | Reached skill level 3 in Axes
   802 | D:2      | Reached XP level 4. HP: 16/37 MP: 4/4
  1153 | D:3      | Noticed a phantom
  1173 | D:3      | Killed a phantom
  1173 | D:3      | Reached skill level 5 in Fighting
  1173 | D:3      | Reached XP level 5. HP: 18/44 MP: 5/5
  1377 | D:3      | Reached skill level 4 in Axes
  1488 | D:3      | Noticed Sigmund
  1530 | D:3      | Killed Sigmund
  1530 | D:3      | Reached skill level 5 in Axes
  1530 | D:3      | Reached XP level 6. HP: 9/51 MP: 6/6
  1785 | D:3      | Found a burning altar of Makhleb.
  1808 | D:3      | Reached skill level 6 in Axes
  1808 | D:3      | Reached XP level 7. HP: 38/56 MP: 7/7
  2641 | D:4      | Found Eruaptev's Antique Weapon Shop.
  2736 | D:4      | Reached skill level 7 in Axes
  2764 | D:4      | Slain by an ogre

Levels and vault maps discovered:
D:1:      ebering_hopf_link, layout_basic, minmay_octomino_j4
D:2:      layout_rooms
D:3:      layout_rooms, demons_altar, minmay_misc_feat_tiny, chequers_big_river,
          uniq_sigmund
D:4:      minmay_general_purpose_star, layout_basic, first_ration, serial_shops,
          nicolae_shop_overgrown_old_shop, due_unseen_surprise

Skill      XL: |  1  2  3  4  5  6  7 |
---------------+----------------------+-----
Fighting       | 4 5 |  5.0
Axes           | 3 5 6 7 |  7.1
Armour         | |  3.2
Shields        | |  3.6

Action                   |  1- 3 |  4- 6 |  7- 9 || total
-------------------------+-------+-------+-------++-------
Melee: War axe           |   118 |    81 |   113 ||   312
 Abil: Dig               |       |     2 |     2 ||     4
  Use: Potion            |       |     1 |       ||     1
  Eat: Chunk             |       |     4 |     3 ||     7
Armor: Scale mail        |    59 |    27 |    38 ||   124
Dodge: Dodged            |    45 |    29 |    27 ||   101
Block: Shield            |    79 |    32 |    56 ||   167
